 Dungeon Crawl Stone Soup version 0.31-a0-880-g9a209b2425 (webtiles) character file.

Game seed: 13148691205304256894

543 Gladio the Insei (level 7, -6/46 HPs)
             Began as an Octopode Shapeshifter on Oct 15, 2023.
             Mangled by an ogre
             ... wielding a +0 giant club
              (14 damage)
             ... on level 4 of the Dungeon.
             The game lasted 00:05:54 (3211 turns).

Gladio the Insei (Octopode Shapeshifter)            Turns: 3211, Time: 00:05:55

Health: -6/46      AC:  1    Str: 19    XL:     7   Next: 27%
Magic:  7/7        EV: 14    Int: 12    God:
Gold:   220        SH:  0    Dex: 17    Spells: 6/6 levels left

rFire   . . .        j - +0 dagger (venom)
rCold   + + .        (no shield)
rNeg    . . .        (helmet currently unavailable)
rPois   .            w - amulet of magic regeneration
rElec   .            e - ring of protection from cold
rCorr   .            f - +6 ring of strength
SInv    .            o - ring of Ehaamemp {Fly rC+ Dex+3}
Will    .....        (no ring)
Stlth   +++          (no ring)
HPRegen 0.27/turn    (no ring)
MPRegen 0.50/turn    (no ring)
                     (no ring)

%: no passive effects
@: beast-form, flying
A: beast (slay +2), almost no armour, amphibious, 8 rings, camouflage 1,
gelatinous body 1, (nimble swimmer 1), tentacles
a: Begin Untransformation


You were on level 4 of the Dungeon.
You were a hulking beast.
You visited 1 branch of the dungeon, and saw 4 of its levels.

You collected 220 gold pieces.

Inventory:

Hand Weapons
 j - a +0 dagger of venom (weapon)
Armour
 y - a +1 hat
Jewellery
 e - a ring of protection from cold (left tentacle)
 f - a +6 ring of strength (right tentacle)
 o - the ring of Ehaamemp (on tentacle) {Fly rC+ Dex+3}
   (You found it on level 3 of the Dungeon)

   [ring of flight]

   Dex+3:     It affects your dexterity (+3).
   rC+:       It protects you from cold.
   Fly:       It grants you flight.
 w - an amulet of magic regeneration (around mantle)
Talismans
 b - a beast talisman (active)
 c - a flux talisman
 p - a serpent talisman
Wands
 n - a wand of digging (4)
Scrolls
 g - a scroll of blinking {unknown}
 i - 2 scrolls of teleportation {unknown}
 k - 5 scrolls of identify {unknown}
 t - a scroll of revelation {unknown}
 u - a scroll of immolation {unknown}
 v - a scroll of torment {unknown}
Potions
 a - a potion of lignification
 d - 3 potions of curing {unknown}
 h - 2 potions of heal wounds {unknown}
 l - a potion of magic {unknown}
 m - a potion of degeneration {unknown}
 q - a potion of mutation {unknown}
 r - a potion of haste {unknown}
 x - a potion of brilliance {unknown}


   Skills:
 + Level 3.3 Fighting
 + Level 3.7 Dodging
 * Level 5.5 Unarmed Combat
 + Level 4.3 Shapeshifting


You had 6 spell levels left.
You didn't know any spells.
Your spell library was empty.

Dungeon Overview and Level Annotations

Branches:
Dungeon (4/15)
 Temple: D:4-7

Altars:
Dithmenos
Hepliaklqana

Shops:
D:1 *


Innate Abilities, Weirdness & Mutations

You are a hulking beast.
Your limbs bulge with bestial killing power. (Slay +2)
You cannot wear most types of armour.
You are amphibious.
You can wear up to eight rings at the same time.
Your skin changes colour to match your surroundings (Stealth+).
Your rubbery body absorbs attacks. (AC +1, EV +1)
((You are camouflaged when in or above water. (Stealth+)))
You have tentacles for arms and can constrict up to eight enemies at once.


Message History

You throw a poisoned dart. The poisoned dart hits the sleepcap.
Throw: dart (poison)
Press: ? - help, Q - select action Shift-Dir - straight line, f/p - sleepcap
Aim: a sleepcap (98% to hit)
You throw a poisoned dart. The poisoned dart hits the sleepcap.
You hit the sleepcap. You grab the sleepcap. You tentacle-slap the sleepcap.
The sleepcap is moderately damaged.
You constrict the sleepcap. The sleepcap releases spores at you!
An ogre comes into view. It is wielding a +0 giant club.
The ogre shouts!
You hit the sleepcap but do no damage.
The sleepcap is heavily damaged.
You constrict the sleepcap, but do no damage.
The sleepcap releases spores at you!
You are engulfed in a cloud of soporific spores!
You fall asleep.
You lose your grip on the sleepcap.
You wake up.
The ball python attacks as it pursues you!
The ball python bites you. The ball python closely misses you.
The sleepcap releases spores at you. The ball python misses you.
The ball python barely misses you.
The ball python attacks as it pursues you!
The ball python closely misses you. x2; The sleepcap releases spores at you.
You are engulfed in a cloud of soporific spores!
You fall asleep.
The ball python bites you.
You wake up.
The ball python misses you. The sleepcap releases spores at you.
You are engulfed in a cloud of soporific spores!
You are unaffected.
The ball python attacks as it pursues you!
The ball python closely misses you. The ball python grabs you.
The ball python constricts you.
The ball python's grasp on you weakens, but your attempt to escape fails.
The ball python bites you. The ball python constricts you.
The ogre hits you with a +0 giant club!
* * * LOW HITPOINT WARNING * * *
The ball python closely misses you. The ball python constricts you.
* * * LOW HITPOINT WARNING * * *
You escape the ball python's grasp.
The ogre hits you with a +0 giant club!
You die...

#.....##>......#....# ###.
#.....##.....#......######.
#......#.#.#...............
#......#.#.#...............
##.....'.#<#.#.............
#.....###...#...#........#
#.....###.###............+
#.......#.# ##.).#.......#
#.....#.#h####..###......#
###.....O.......#.#......#
###.###.#Sf....##.##.."...
...............#...#......
...(.........##...##.....
....(........#.....#.....
..#.(.#.....#.....#.....
..#.........##...##.....
#.....................


You could see an ogre, a sleepcap and a ball python.

Vanquished Creatures
  Sigmund (D:4)
  An ogre (D:4)
  A scorpion (D:4)
  An iguana (D:4)
  A sleepcap (D:3)
  Natasha (twice) (D:2)
  5 adders
  4 worms
  5 orcs
  10 endoplasms
  2 giant cockroaches
  6 goblins
  11 hobgoblins
  6 kobolds
  4 quokkas
  9 ball pythons
  6 bats
  7 frilled lizards
  4 rats
86 creatures vanquished.

Notes
Turn   | Place    | Note
-------+----------+-------------------------------------------
     0 | D:1      | Gladio the Octopode Shapeshifter began the quest for the
                  | Orb.
     0 | D:1      | Reached XP level 1. HP: 13/13 MP: 1/1
    82 | D:1      | Found Jegint's Assorted Antiques.
   219 | D:1      | Reached XP level 2. HP: 14/18 MP: 2/2
   755 | D:1      | Reached XP level 3. HP: 21/23 MP: 3/3
  1210 | D:2      | Reached XP level 4. HP: 24/29 MP: 4/4
  1371 | D:2      | Noticed Natasha
  1375 | D:2      | Killed Natasha
  1420 | D:2      | Reached skill level 4 in Unarmed Combat
  1511 | D:2      | Noticed Natasha
  1518 | D:2      | Killed Natasha
  1519 | D:2      | Reached XP level 5. HP: 34/34 MP: 5/5
  1817 | D:3      | Found a hazy altar of Hepliaklqana.
  1843 | D:3      | Identified the ring of Ehaamemp {Fly rC+ Dex+3}
  1893 | D:3      | Found a faded altar of an unknown god.
  2312 | D:4      | Noticed Sigmund
  2322 | D:4      | Killed Sigmund
  2323 | D:4      | Reached XP level 6. HP: 41/41 MP: 6/6
  2382 | D:4      | Found a shadowy altar of Dithmenos.
  2428 | D:4      | Reached skill level 5 in Unarmed Combat
  2685 | D:4      | Reached XP level 7. HP: 32/46 MP: 7/7
  3211 | D:4      | Mangled by an ogre

Illustrated notes

Levels and vault maps discovered:
D:1:      lightli_arrival_quake, layout_basic, serial_shops, shop
D:2:      layout_rooms, grunt_ministairs_9, hex_medium, minivault_27,
          minmay_diced_spiral, uniq_natasha
D:3:      layout_loops_ring, mainiacjoe_overflow_24_doors,
          basic_ecumenical_altar
D:4:      layout_basic, nicolae_dithmenos_the_darkroom, serial_bayou_pond_e,
          hellmonk_no_cap, uniq_sigmund

Skill      XL: |  1  2  3  4  5  6 |
---------------+-------------------+-----
Fighting       | 2 3 |  3.3
Unarmed Combat | 4 5 |  5.5
Dodging        | 3 |  3.7
Shapeshifting  | 4 |  4.3

Action                     |  1- 3 |  4- 6 |  7- 9 || total
---------------------------+-------+-------+-------++-------
  Melee: Unarmed           |    40 |       |       ||    40
         Tentacles         |    14 |    24 |     5 ||    43
         Constrict         |    13 |    24 |     8 ||    45
         Dagger            |    21 |    75 |    21 ||   117
         Punch             |       |     4 |     3 ||     7
  Throw: Dart              |       |       |     3 ||     3
    Use: Potion            |       |     1 |       ||     1
   Stab: Sleeping          |     7 |     6 |     1 ||    14
 Armour: Skin              |    18 |    28 |    22 ||    68
  Dodge: Dodged            |    19 |    45 |    22 ||    86

Table legend: (Time is in decaauts)
 A = Elapsed time spent in this place.
 B = Non-inter-level travel time spent in this place.
 C = Inter-level travel time spent in this place.
 D = Time resting spent in this place.
 E = Time spent auto-exploring this place.
 F = Levels seen in this place.
 G = Mean time per level.
                   A        B        C        D        E       F      G
               +--------+--------+--------+--------+--------+-----+--------+
         Total |   3215 |   3040 |    175 |     35 |   2473 |   4 |  803.8 |
       Dungeon |   3215 |   3040 |    175 |     35 |   2473 |   4 |  803.8 |
               +--------+--------+--------+--------+--------+-----+--------+

Top non-repeatable levels by time:
     D:1: 1028 daAuts
     D:3: 823 daAuts
     D:4: 711 daAuts
     D:2: 652 daAuts
